 Dungeon Crawl Stone Soup version 0.19-a0-1498-g0b85ae9 (webtiles) character file.

126778 4thArraOfDagon the Impaler (level 16, -2/132 HPs)
             Began as a Centaur Abyssal Knight on Sept 10, 2016.
             Was the Champion of Lugonu.
             Slain by a shock serpent (14 damage)
             ... on level 4 of the Snake Pit.
             The game lasted 01:37:44 (15907 turns).

4thArraOfDagon the Impaler (CeAK)                  Turns: 15907, Time: 01:37:46

Health: -2/132     AC: 19    Str: 14    XL:     16   Next: 44%
Magic:  19/25      EV:  2    Int: 22    God:    Lugonu [******]
Gold:   595        SH:  0    Dex: 19    Spells: 3 memorised, 16 levels left

rFire  + + .     SeeInvis .     l - +9 halberd of Zojuic {drain, MR+}
rCold  . . .     Gourm    .     v - +0 scale mail
rNeg   . . .     Faith    .     (shield currently unavailable)
rPois  +         Spirit   .     (helmet restricted)
rElec  .         Dismiss  .     e - +2 cloak
rCorr  .         Reflect  .     s - +1 pair of gloves
MR     ++...     Harm     +     B - +0 centaur barding "Bootaycke" {rF+ Regen+ Dex+3}
Stlth  ..........               Q - amulet of Miygoss {Harm *Drain +Blink Dex+2 Slay+2}
                                m - +6 ring of intelligence
                                C - ring of poison resistance

@: constricted, very quick
A: antennae 1, claws 1, hooves 3, thin skeletal structure 1, deformed body, fire
resistance 1, speed 2, regeneration 1, tough skin 3
a: Depart the Abyss, Bend Space, Banish, Corrupt, Enter the Abyss, Brand Weapon
With Distortion, Renounce Religion, Evoke Blink


You were on level 4 of the Snake Pit.
You worshipped Lugonu.
Lugonu was exalted by your worship.
You were not hungry.

You visited 6 branches of the dungeon, and saw 31 of its levels.
You visited the Abyss 3 times.
You also visited: Labyrinth and Sewer.

You collected 3036 gold pieces.
You spent 2441 gold pieces at shops.

Inventory:

Hand Weapons
 l - the +9 halberd of Zojuic (weapon) {drain, MR+}
   (You found it in a sewer)

   A truly terrible weapon, it drains the life of those it strikes.
   It affects your resistance to hostile enchantments.
 o - the +9 war axe of Dithmenos's Envy {drain, Str+2 Int+3}
   (You found it on level 3 of the Elven Halls)

   A truly terrible weapon, it drains the life of those it strikes.
   It affects your strength (+2).
   It affects your intelligence (+3).
Missiles
 J - 11 javelins (quivered)
 Z - a throwing net
Armour
 e - a +2 cloak (worn)
 s - a +1 pair of gloves (worn)
 v - a +0 scale mail (worn)
 B - the +0 centaur barding "Bootaycke" (worn) {rF+ Regen+ Dex+3}
   (You acquired it on level 2 of the Orcish Mines)

   It affects your dexterity (+3).
   It protects you from fire.
   It increases your rate of regeneration.
 X - the +3 warlock's mirror {reflect}
   (You found it on level 3 of the Elven Halls)
Magical Staves
 L - an uncursed staff of wizardry {!a}
Rods
 b - a +6 rod of ignition (10/10)
   (You found it in a labyrinth)
Jewellery
 g - the macabre finger necklace {rN+}
   (You found it in a labyrinth)

   [amulet of nothing]

   It protects you from negative energy.
 k - an uncursed ring of positive energy
 m - a +6 ring of intelligence (right hand)
 C - a ring of poison resistance (left hand)
 H - an uncursed ring of fire
 Q - the amulet of Miygoss (around neck) {Harm *Drain +Blink Dex+2 Slay+2}
   (You found it on level 3 of the Elven Halls)

   [amulet of harm]

   It increases damage dealt and taken.
   It affects your dexterity (+2).
   It affects your accuracy and damage with ranged weapons and melee attacks
   (+2).
   It lets you blink.
   It causes draining when unequipped.
Wands
 n - a wand of heal wounds (4/9)
 q - a wand of teleportation (2/9)
 w - a wand of acid (4/15)
 z - a wand of teleportation (6/9)
 A - a wand of teleportation (1/9)
 I - a wand of hasting (6/9)
 T - a wand of acid (5/15)
Scrolls
 f - 10 scrolls of remove curse
 y - a scroll of enchant weapon
 E - 3 scrolls of fear
 F - 2 scrolls of blinking
 K - 3 scrolls of teleportation
 M - a scroll of immolation
 N - a scroll of holy word
 O - 3 scrolls of fog
 P - 2 scrolls of summoning
 R - 3 scrolls of magic mapping
Potions
 a - a potion of magic
 d - 2 potions of agility
 j - 4 potions of haste
 r - 2 potions of flight
 t - 10 potions of curing
 u - a potion of ambrosia {unknown}
 x - 2 potions of cure mutation
 D - a potion of heal wounds
 G - 2 potions of brilliance
 U - 2 potions of might
 Y - 2 potions of invisibility
Miscellaneous
 h - 2 phantom mirrors
 p - a crystal ball of energy
 S - a lamp of fire
 V - 2 sacks of spiders
 W - a phial of floods
Comestibles
 c - 13 bread rations
 i - 5 meat rations


   Skills:
 - Level 9.1 Fighting
   Level 1.7 Long Blades
 - Level 8.4(13.2) Axes
 * Level 16.0(16.7) Polearms
 - Level 9.1 Armour
 - Level 0.6 Dodging
 - Level 4.1 Spellcasting
 - Level 7.0 Hexes
 - Level 7.2 Charms
 * Level 5.7 Necromancy
 - Level 12.1 Invocations


You had 16 spell levels left.
You knew the following spells:

 Your Spells              Type           Power        Failure   Level  Hunger
a - Summon Butterflies    Summ           #.......     38%         1    None
b - Regeneration          Chrm/Necr      ####......   10%         3    ##.....
c - Spectral Weapon       Hex/Chrm       #####...     8%          3    ##.....


Dungeon Overview and Level Annotations

Branches:
Dungeon (15/15)              Lair (6/6) D:10          Snake (4/4) Lair:3
  Slime (0/5) Lair:6          Orc (2/2) D:9             Elf (3/3) Orc:2
 Depths (1/5) D:15
 Temple: D:4-7        Swamp: Lair:2-4    Shoals: Lair:2-4    Vaults: D:13-14

Altars:
Okawaru
Yredelemnul
Zin

Shops:
D:5 }   D:12 *   Orc:2 *=!(   Elf:1 :   Elf:2 :

Annotations:
D:5 Sigmund
Orc:2 corrupted, exclusion: upstairs
Elf:1 corrupted
Elf:2 corrupted, junb69's ghost, adept DrCj
Elf:3 corrupted


Innate Abilities, Weirdness & Mutations

You have hooves in place of feet.
Armour fits poorly on your strangely shaped body.
You cover ground very quickly.
You have extremely tough skin. (AC +3)
You have a pair of small antennae on your head.
You have sharp fingernails.
You have a somewhat thin skeletal structure. (Dex +2, Stealth)
Your flesh is heat resistant. (rF+)
Your natural rate of healing is unusually fast.


Message History

The anaconda constricts you. The shock serpent bites you!
* * * LOW HITPOINT WARNING * * *
The shock serpent shocks you!
* * * LOW HITPOINT WARNING * * *
The anaconda bites you but does no damage.
Unknown command.
Unknown command.
Unknown command.
Unknown command.
You fail to use your ability.
The anaconda bites you but does no damage.
The anaconda bites you.
* * * LOW HITPOINT WARNING * * *
x2 The anaconda constricts you.
The guardian serpent moves out of view.
The anaconda bites you.
* * * LOW HITPOINT WARNING * * *
The shock serpent bites you.
* * * LOW HITPOINT WARNING * * *
The shock serpent shocks you!
You die...

..#....#........##......##..***,,
................##...##..###,,**,
.........†.....#####.#*#...******
..####.....)...##..##.**#.#**,,,,
...####....##..#....##.**##,,,,,,
.....###...#####..§..###*,,,⌠,,,,
.............##.()S.N.#*,,,,,,,,⌠
..............#NSS#...#*,,,,,,,,,
..............#N@##{..#,,,,8,8,8,
..†......#....#SS#*#..N.,,,,,,,,,
...........)).#..# *..S..⌠,,,,,,,
.#.........#..#..##*......,,,,,,,
.####......#.(#..#.##.#...,8,8,8,
.# #......#.)#).##.####..,,,,,,,
.####......#..)..#...#.#,,,,,,,,⌠
...........#....##....##*,,,⌠,,,,
....#......#....#......##**,,,,,,


You could see a naga warrior, 3 anacondas, a shock serpent, a guardian serpent,
a naga and a friendly spectral halberd of Zojuic {drain, MR+}.

Vanquished Creatures
  4 greater nagas
  A deep elf sorcerer (Elf:3)
  Nessos (D:14)
  A deep elf demonologist (Orc:2)
  A deep elf annihilator (Elf:1)
  A deep elf death mage (Elf:3)
  4 naga warriors
  A yaktaur captain (D:11)
  19 anacondas
  Erica (D:9)
  2 dancing weapons (Elf:3)
  4 death yaks (Lair:6)
  An ogre mage (D:15)
  A merfolk avatar (Lair:6)
  5 deep elf knights
  12 naga sharpshooters
  An orc high priest (Orc:1)
  2 shock serpents
  A skeletal warrior (D:13)
  A sea snake (Lair:6)
  2 salamander mystics
  3 naga ritualists
  3 deep elf archers (Elf:3)
  An orc knight (Orc:2)
  3 hill giants
  8 mana vipers
  2 ugly things (D:11)
  21 deep elf magi
  A manticore (Lair:6)
  13 elephants
  2 orc sorcerers
  7 salamanders
  3 cyclopes
  4 guardian serpents (Snake:4)
  Joseph (D:10)
  25 black mambas
  8 spiny frogs
  13 naga magi
  A rime drake (Lair:6)
  7 komodo dragons
  2 polar bears (Lair:6)
  2 trolls
  11 two-headed ogres
  Grinder (D:4)
  A wind drake (Lair:6)
  5 blink frogs (Lair:6)
  4 slime creatures
  7 dream sheep (Lair:5)
  A wraith (D:12)
  2 shadows
  A water elemental (Elf:3)
  A wyvern (D:11)
  36 yaks
  A human (D:10)
  3 fire elementals
  4 hippogriffs
  4 hogs (D:10)
  2 hungry ghosts
  2 basilisks (Lair:3)
  A steam dragon (D:10)
  4 vampire mosquitoes (D:13)
  5 wargs
  36 nagas
  A soldier ant (D:13)
  11 water moccasins
  2 porcupines
  3 sky beasts
  3 ice beasts
  A phantom (D:10)
  5 wasps
  22 orc warriors
  11 centaurs
  2 necrophages
  23 ogres
  3 wolves (Lair:1)
  14 crocodiles
  A big kobold (D:10)
  10 giant frogs
  2 earth elementals
  2 wyvern skeletons
  8 killer bees (D:11)
  A howler monkey (D:4)
  11 wights
  A crimson imp (D:5)
  A quasit (D:8)
  5 jellies
  2 centaur zombies
  2 giant frog zombies
  3 hounds
  4 centaur skeletons
  13 orc priests
  23 orc wizards
  A giant frog skeleton (D:13)
  6 iguanas
  6 worker ants
  2 hound skeletons
  3 gnolls (Orc:2)
  7 adders
  15 river rats
  2 shadow imps
  2 oozes (Lair:6)
  A worm (D:4)
  A dart slug (D:4)
  4 giant geckos
  73 orcs
  9 giant cockroaches
  3 goblins
  3 hobgoblins
  6 kobolds
  4 quokkas
  3 ball pythons
  7 giant newts (Sewer)
  A jackal skeleton (D:6)
  2 quokka skeletons (D:5)
  5 rats
  4 fungi
  A plant (Lair:6)
689 creatures vanquished.

Vanquished Creatures (others)
  A deep elf master archer (Elf:3)
  A deep elf blademaster (Elf:3)
  5 deep elf sorcerers (Elf:3)
  5 deep elf elementalists (Elf:3)
  4 deep elf demonologists
  4 deep elf annihilators (Elf:3)
  2 deep elf death magi (Elf:3)
  A minotaur (Lab)
  4 hydras
  4 ogre magi (Orc:2)
  3 dancing weapons (Elf:1)
  5 deep elf knights
  A sea snake (Lair:6)
  5 deep elf archers
  A naga ritualist (Snake:4)
  2 harpies (Lair:6)
  A griffon (Lair:6)
  12 deep elf magi
  A spiny frog (Lair:6)
  A komodo dragon (Lair:6)
  A rime drake (Lair:6)
  7 two-headed ogres (Orc:2)
  An air elemental (Elf:2)
  A wyvern (D:10)
  A vampire (D:12)
  A water elemental (Elf:2)
  A water moccasin (Lair:6)
  An orc warrior (Orc:1)
  16 ogres (Orc:2)
  A centaur (D:11)
  An earth elemental (Elf:2)
  A killer bee (D:11)
  2 orc priests (Orc:2)
  A worm (D:3)
  An orc (Orc:2)
  5 fungi (Lair:6)
  5 plants (Lair:6)
  5 spectral weapons
  5 starspawn tentacles
120 creatures vanquished.

Grand Total: 809 creatures vanquished

Notes
Turn   | Place    | Note
-------+----------+-------------------------------------------
     0 | Abyss:1  | 4thArraOfDagon the Centaur Abyssal Knight began the quest for the Orb.
     0 | Abyss:1  | Reached XP level 1. HP: 19/19 MP: 2/2
     0 | Abyss:1  | timbw: stop
     0 | Abyss:1  | 4thArraOfDagon: i know
     0 | Abyss:1  | timbw: no
     0 | Abyss:1  | timbw: NO
     0 | Abyss:1  | 4thArraOfDagon: ok, leave then
     0 | Abyss:1  | timbw: ...
     0 | Abyss:1  | timbw: ctrl-q
     0 | Abyss:1  | timbw: now
     0 | Abyss:1  | timbw: asap
     0 | Abyss:1  | 4thArraOfDagon: lets bleed it through
     0 | Abyss:1  | timbw: NOW
     0 | Abyss:1  | timbw: NOW
     0 | Abyss:1  | timbw: CTRL-Q
     2 | Abyss:1  | timbw: NOW
    14 | Abyss:1  | timbw: fffs
    44 | Abyss:1  | Noticed a green death
    55 | Abyss:1  | Noticed a worldbinder
    60 | Abyss:1  | Noticed a deep elf knight
    60 | Abyss:1  | Noticed a deep elf mage
    62 | Abyss:1  | Noticed a deep elf archer
    67 | Abyss:1  | timbw: im not okay with this
    83 | Abyss:1  | Noticed a spiny frog zombie
    96 | Abyss:1  | Noticed a rakshasa
   114 | Abyss:1  | Noticed a starcursed mass
   130 | Abyss:1  | Found a blossoming altar of Fedhas.
   134 | Abyss:1  | Noticed a green very ugly thing
   135 | Abyss:1  | timbw: I am not endorse this
   147 | Abyss:1  | wazuzu: yakety sax plays at the background
   156 | Abyss:1  | timbw: in any way shape or form
   159 | Abyss:1  | Noticed a ynoxinul
   190 | Abyss:1  | Noticed an apocalypse crab
   201 | Abyss:1  | Noticed a ynoxinul
   229 | Abyss:2  | wazuzu: D:
   229 | Abyss:2  | owo
   240 | Abyss:2  | Noticed a large abomination
   244 | Abyss:2  | Noticed a smoke demon
   257 | Abyss:2  | Noticed a large abomination
   261 | Abyss:2  | Noticed an iron imp
   282 | Abyss:2  | Noticed an ancient zyme
   284 | D:1      | Escaped the Abyss
   333 | D:2      | Reached skill level 1 in Axes
   353 | D:2      | 4thArraOfDagon: you dead yet?
   369 | D:3      | Reached * piety under Lugonu
   387 | D:3      | Reached XP level 2. HP: 15/26 MP: 3/3
   390 | D:3      | 4thArraOfDagon: guys, call 9-11
   475 | D:3      | timbw: no lair 8 anymore?
   543 | D:3      | wazuzu: re harpies a new trunk addition?
   607 | D:2      | timbw: harpies have been along forever
   645 | D:1      | wazuzu: then I guess I rarely get to the point of harpies
   671 | D:1      | timbw: they were much more impactful a few years ago
   676 | D:1      | You fall through a shaft!
   677 | D:2      | timbw: they steal food
   714 | D:3      | timbw: food used to be a big deal, its not anymore
   759 | D:3      | wazuzu: I played since .12
   781 | D:3      | wazuzu: or when they had md and sludge elves
   789 | D:4      | timbw: almost as long as me then
   822 | D:4      | timbw: I started at around 0.11
   822 | D:4      | Reached XP level 3. HP: 28/31 MP: 4/4
   892 | D:4      | timbw: but I would wager I have played more than you
   906 | D:4      | Noticed Grinder
   947 | D:4      | Reached XP level 4. HP: 33/38 MP: 5/5
   952 | D:4      | Paralysed by Grinder for 4 turns
   957 | D:4      | Gained mutation: You have a pair of small antennae on your head. [potion of mutation]
   957 | D:4      | Gained mutation: You are clumsy. (Dex -2) [potion of mutation]
   966 | D:4      | Killed Grinder
   966 | D:4      | Reached skill level 5 in Axes
   966 | D:4      | Reached XP level 5. HP: 18/45 MP: 6/6
   966 | D:4      | Reached XP level 6. HP: 20/51 MP: 7/7
  1064 | D:4      | Found a glowing drain.
  1073 | Sewer    | Entered a sewer
  1131 | Sewer    | Reached ** piety under Lugonu
  1375 | Sewer    | Got a fine halberd
  1380 | Sewer    | Identified the +9 halberd of Zojuic {drain, MR+} (You found it in a sewer)
  1435 | D:4      | 4thArraOfDagon: srsly
  1435 | D:4      | 4thArraOfDagon: negative on fckin everything
  1435 | D:4      | 4thArraOfDagon: i could as well not train anything at all
  1455 | D:5      | Entered Level 5 of the Dungeon
  1455 | D:5      | Found an iron altar of Okawaru.
  1455 | D:5      | timbw: lmao
  1464 | D:4      | Reached skill level 1 in Polearms
  1498 | D:4      | timbw: that is Ce in a nutshell
  1525 | D:4      | Reached XP level 7. HP: 42/57 MP: 9/9
  1606 | D:4      | timbw: please. please pleasse, do not play Ce
  1652 | D:4      | timbw: I already tricked charly into that particular region of hell
  1661 | D:5      | Reached skill level 2 in Polearms
  1675 | D:5      | timbw: you even have the highscore
  1697 | D:5      | Found a basalt altar of Yredelemnul.
  1712 | D:5      | timbw: HE WILL NOT beat it
  1713 | D:5      | Noticed Sigmund
  1753 | D:4      | timbw: not without a fair share of blood and tears
  1831 | D:4      | timbw: you need not bother defending it
  1905 | D:5      | Found Ikat's Gadget Shop.
  1971 | D:5      | Reached skill level 3 in Polearms
  1983 | D:5      | Kenran: that halberd o_O
  2174 | D:6      | Reached skill level 4 in Polearms
  2201 | D:6      | timbw: oh my god +9 halberd
  2240 | D:6      | timbw: surely this is a free highscore
  2287 | D:6      | timbw: oh wait, centaurs suck at polearms
  2326 | D:7      | timbw: and they suck at invocations
  2331 | D:7      | Reached *** piety under Lugonu
  2331 | D:7      | Reached XP level 8. HP: 63/63 MP: 11/11
  2435 | D:7      | timbw: oh wait, centaurs suck at everything except outrunning d2 enemies
  2468 | D:7      | Reached skill level 5 in Invocations
  2574 | D:8      | Reached skill level 5 in Polearms
  2587 | D:8      | timbw: stop this horse suffering
  2620 | D:8      | Gained mutation: Your flesh is heat resistant. (rF+) [mutagenic meat]
  2623 | D:8      | Gained mutation: You have a somewhat thin skeletal structure. (Dex +2, Stealth) [mutagenic meat]
  2626 | D:8      | Lost mutation: You are clumsy. (Dex -2) [mutagenic meat]
  2629 | D:8      | Gained mutation: Your natural rate of healing is unusually fast. [mutagenic meat]
  2632 | D:8      | Gained mutation: You have sharp fingernails. [mutagenic meat]
  2748 | D:8      | Reached skill level 6 in Polearms
  2842 | D:9      | Noticed an angel
  2843 | D:9      | Found a glowing silver altar of Zin.
  2888 | D:9      | Reached XP level 9. HP: 69/69 MP: 13/13
  2958 | D:9      | Found a staircase to the Orcish Mines.
  3002 | D:9      | Reached skill level 7 in Polearms
  3031 | D:9      | tstbtto: book
  3051 | D:9      | wazuzu: aren't centaurs also good with bows?
  3053 | D:9      | wazuzu: bows and speed
  3109 | D:9      | wazuzu: bad at everything else, but still
  3120 | D:9      | 4thArraOfDagon: book
  3121 | D:10     | Entered Level 10 of the Dungeon
  3211 | D:10     | Reached **** piety under Lugonu
  3242 | D:10     | Reached skill level 8 in Polearms
  3368 | D:9      | Reached XP level 10. HP: 73/77 MP: 15/15
  3385 | D:9      | wazuzu: hogs trigger all my low-MR characters
  3397 | D:9      | Noticed a hill giant
  3454 | D:10     | wazuzu: because Captaine Kirke
  3511 | D:10     | Reached skill level 9 in Polearms
  3550 | D:10     | Noticed a hill giant
  3576 | D:10     | Killed a hill giant
  3576 | D:10     | Reached skill level 5 in Armour
  3710 | D:10     | Noticed Joseph
  3774 | D:10     | Killed Joseph
  3985 | D:10     | Reached skill level 10 in Polearms
  4173 | D:11     | Reached XP level 11. HP: 80/82 MP: 17/17
  4227 | D:11     | Noticed a yaktaur captain
  4238 | D:11     | Killed a yaktaur captain
  4337 | D:11     | Noticed a purple ugly thing
  4370 | D:11     | Killed a purple ugly thing
  4416 | D:11     | tstbtto: ima magical centur. I want zis magical ball
  4449 | D:11     | Reached ***** piety under Lugonu
  4456 | D:11     | wazuzu: ima hoars
  4577 | D:11     | Noticed a purple ugly thing
  4596 | D:11     | Killed a purple ugly thing
  4716 | D:11     | Reached skill level 11 in Polearms
  4830 | D:11     | Reached skill level 10 in Invocations
  4923 | D:12     | Identified a scroll of acquirement
  4950 | D:12     | tstbtto: im hungry. Ogre awful but edible
  5141 | D:12     | Noticed a hill giant
  5145 | D:12     | Killed a hill giant
  5229 | D:12     | Found Wemut's Assorted Antiques.
  5235 | D:12     | Bought a shimmering broad axe for 324 gold pieces
  5235 | D:12     | Bought a fizzy cyan potion for 32 gold pieces
  5235 | D:12     | Zxkuqyb: hey guys
  5303 | D:12     | tstbtto: HELLO FELLOW HUMAN
  5303 | D:12     | Found a labyrinth entrance.
  5311 | Lab      | Entered a labyrinth
  5318 | Lab      | 4thArraOfDagon: HUMANE
  5318 | Lab      | 4thArraOfDagon: THIS IS REALM OF CENTAURE
  5318 | Lab      | 4thArraOfDagon: LEAVE!
  5495 | Lab      | wazuzu: might I ask why labyrinth?
  5540 | Lab      | Zxkuqyb: tsk, 50% human, 50% horse. 100% monster
  5594 | Lab      | Noticed a minotaur
  5600 | Lab      | Banished a minotaur
  5613 | Lab      | Got a bloodstained robe
  5618 | Lab      | Identified the +10 broad axe of Disgust {pain, *Contam rPois Dex+4} (You bought it in a shop on level 12 of the Dungeon)
  5631 | Lab      | Identified the +2 robe "Istaq" {Stlth+} (You found it in a labyrinth)
  5826 | D:13     | Reached skill level 5 in Fighting
  5977 | D:13     | Reached XP level 12. HP: 80/94 MP: 19/19
  6075 | D:15     | Entered Level 15 of the Dungeon
  6234 | D:15     | Reached skill level 12 in Polearms
  6261 | D:15     | Noticed an ogre mage
  6275 | D:15     | Killed an ogre mage
  6302 | D:15     | Found a staircase to the Depths.
  6315 | Depths:1 | Entered Level 1 of the Depths
  6315 | Depths:1 | Noticed a frost giant
  6401 | D:15     | Noticed a six-headed hydra
  6583 | D:14     | Noticed Nessos
  6607 | D:14     | Killed Nessos
  6924 | D:9      | 4thArraOfDagon: waiting for the meltdown
  6924 | D:9      | 4thArraOfDagon: ^_^
  6925 | Orc:1    | Entered Level 1 of the Orcish Mines
  7054 | Orc:1    | You fall through a shaft!
  7054 | Orc:2    | Entered Level 2 of the Orcish Mines
  7055 | Orc:2    | tstbtto: perfect place to build your piety with disto axe
  7058 | Orc:2    | o wow
  7150 | Orc:2    | Noticed an orc high priest
  7202 | D:9      | tstbtto: do you still have it?
  7632 | Orc:1    | Killed an orc high priest
  7799 | Orc:2    | Reached XP level 13. HP: 86/104 MP: 21/21
  7895 | Orc:2    | Reached skill level 13 in Polearms
  8027 | Orc:2    | Found a staircase to the Elven Halls.
  8203 | Orc:2    | wazuzu: What's the expected outcome of this game?
  8233 | Orc:2    | Corrupted Orc:2
  8238 | Orc:2    | Noticed a starcursed mass
  8239 | Orc:2    | Noticed a tentacled starspawn
  8241 | Orc:2    | Noticed a tentacled starspawn
  8295 | Orc:2    | 4thArraOfDagon: outcome
  8295 | Orc:2    | 4thArraOfDagon: look at the first sentence
  8295 | Orc:2    | 4thArraOfDagon: ok so
  8295 | Orc:2    | 4thArraOfDagon: i will die^^
  8295 | Orc:2    | wazuzu: So equine glory then
  8323 | Orc:2    | Noticed a starcursed mass
  8329 | Orc:2    | Found Juehipse's Assorted Antiques.
  8329 | Orc:2    | Found Duycash's Distillery.
  8329 | Orc:2    | Found Xiecerus's Jewellery Shoppe.
  8329 | Orc:2    | Found Hariw's Weapon Boutique.
  8341 | Orc:2    | timbw: ...
  8343 | Orc:2    | timbw: is it not enough
  8366 | Orc:2    | jacquesderrida: Degan
  8394 | Orc:2    | timbw: that I tricked charly into playing Ce
  8414 | Orc:2    | jacquesderrida: Nice job
  8431 | Orc:2    | jacquesderrida: me likey
  8431 | Orc:2    | timbw: surely you can go back into trolling
  8449 | Orc:2    | timbw: and stop this
  8460 | Orc:2    | timbw: no more Ce pls
  8460 | Orc:2    | timbw: Ce bad
  8495 | Orc:2    | jacquesderrida: ce in your bed
  8566 | Elf:1    | Entered Level 1 of the Elven Halls
  8571 | Elf:1    | Corrupted Elf:1
  8571 | Elf:1    | Noticed a tentacled starspawn
  8571 | Elf:1    | Noticed a tentacled starspawn
  8571 | Elf:1    | Noticed a tentacled starspawn
  8571 | Elf:1    | Noticed a tentacled starspawn
  8571 | Elf:1    | wazuzu: Only ehen you upset The Don
  8573 | Orc:2    | jacquesderrida: tee ess tee beater
  8574 | Orc:2    | wazuzu: and only the heaf
  8576 | Orc:2    | jacquesderrida: Yes
  8580 | Orc:2    | wazuzu: Head
  8669 | Orc:2    | jacquesderrida: THAT'S WHAT I WAS REFERING TO BUT LOST INTEREST IN DEVELOPING THE JOKE MIDWAY
  8697 | Orc:2    | jacquesderrida: I AM SORY
  8699 | Orc:2    | jacquesderrida: Also
  8726 | Elf:1    | jacquesderrida: !gkills tstbtto
  8727 | Elf:1    | beem: 723 kills by tstbtto's ghost: 522x tstbtto, 11x Amnesiac, 7x qw, 6x George, 6x removeelyvilon, 4x OffsetSiren, 3x Xiguana, 3x Fusentrap, 3x Stormphoenix, 3x ololoev, 3x Kenran, 3x rimel, 3x Shenda, 3x Skanax, 3x grom234, 3x Kidiri, 2x nubinia, 2x Iniera, 2x Placid, 2x retryentry, 2x Beogh, 2x Ijustatesigmund, 2x georgeearnest, 2x 100P, 2x Ajdolov, 2x Protee, 2x mistymad, 2x Uzielius, 2x Multipen...
  8735 | Elf:1    | jacquesderrida: You that shit
  8743 | Elf:1    | Noticed a tentacled starspawn
  8745 | Elf:1    | Noticed a tentacled starspawn
  8752 | Elf:1    | Noticed a starcursed mass
  8760 | Elf:1    | jacquesderrida: That's gotta stop meng, that's full-fledged genocide of mans
  8775 | Elf:1    | Noticed a starcursed mass
  8785 | Elf:1    | jacquesderrida: Or rather repeated self-suicide
  8842 | Elf:1    | wazuzu: !gkills wazuzu
  8848 | Elf:1    | beem: No games for * (ikiller~~^(wazuzu)'s?_ghost).
  8872 | Elf:1    | jacquesderrida: pacifist ghosts
  8882 | Elf:1    | wazuzu: Need to play more draconians
  8886 | Elf:1    | jacquesderrida: Nice!
  8904 | Elf:1    | Noticed a deep elf demonologist
  8924 | Elf:1    | Cast into level 2 of the Abyss (a deep elf demonologist)
  8926 | Abyss:2  | ty
  8999 | Elf:1    | Escaped the Abyss
  9003 | Elf:1    | Noticed an Ice Fiend
  9105 | Orc:2    | Killed a deep elf demonologist
  9296 | Orc:2    | come
  9296 | Orc:2    | tis is
  9438 | Elf:1    | Identified Sif Muna's Handbook of Exhibitionism
  9451 | Elf:1    | Learned a level 1 spell: Summon Butterflies
  9487 | Elf:2    | Noticed a deep elf annihilator
  9490 | Elf:2    | Noticed junb69's ghost (adept DrCj)
  9509 | Elf:1    | Killed a deep elf annihilator
  9554 | Elf:1    | Noticed a deep elf death mage
  9566 | Elf:2    | Found Roshianta's Book Shoppe.
  9573 | Elf:2    | wazuzu: Sif Muna's exhibitionism. Undress and summon butterflies to censor nipples and crotch
  9573 | Elf:2    | Noticed a deep elf demonologist
  9584 | Elf:2    | Corrupted Elf:2
  9584 | Elf:2    | Noticed a starcursed mass
  9592 | Elf:2    | Killed a deep elf demonologist
  9596 | Elf:2    | Noticed a deep elf blademaster
  9664 | Elf:2    | ok ty
  9697 | Elf:2    | Noticed a bone dragon
  9783 | Elf:2    | wut
  9790 | Elf:2    | bruh
  9873 | Elf:3    | Entered Level 3 of the Elven Halls
 10138 | Elf:3    | tstbtto: BEEP BWARGKL BODFSJHK HF
 10260 | Elf:3    | 4thArraOfDagon: BEEP
 10344 | Elf:3    | Noticed a deep elf annihilator
 10384 | Elf:3    | IHHH
 10512 | Elf:3    | tstbtto: UNABLE TO STOP NEED TO KILL MYSELF AGAIN AND AGAIN
 10516 | Elf:3    | 4thArraOfDagon: NNOOOO
 10686 | Elf:3    | Reached skill level 14 in Polearms
 10701 | Elf:3    | Noticed a deep elf death mage
 10797 | Elf:3    | Killed a deep elf death mage
 10809 | Elf:2    | Noticed a deep elf sorcerer
 10818 | Elf:3    | Killed a deep elf sorcerer
 10982 | Elf:3    | Reached XP level 14. HP: 112/116 MP: 23/23
 11031 | Elf:3    | 4thArraOfDagon: im back!
 11044 | Elf:3    | Noticed a deep elf sorcerer
 11045 | Elf:3    | Noticed a deep elf elementalist
 11046 | Elf:3    | Cast into level 4 of the Abyss (a deep elf sorcerer)
 11046 | Abyss:4  | Found a corrupted altar of Lugonu.
 11084 | Abyss:4  | Noticed a tentacled starspawn
 11103 | Elf:3    | Escaped the Abyss
 11104 | Elf:3    | Corrupted Elf:3
 11104 | Elf:3    | Noticed a bone dragon
 11104 | Elf:3    | Noticed a starcursed mass
 11113 | Elf:3    | Noticed a deep elf master archer
 11114 | Elf:3    | Noticed a deep elf elementalist
 11114 | Elf:3    | Killed a deep elf sorcerer
 11115 | Elf:3    | Killed a deep elf elementalist
 11116 | Elf:3    | Noticed a deep elf elementalist
 11116 | Elf:3    | Noticed a starcursed mass
 11116 | Elf:3    | Killed a deep elf elementalist
 11119 | Elf:3    | Killed a deep elf master archer
 11121 | Elf:3    | Killed a deep elf elementalist
 11126 | Elf:3    | Killed a deep elf elementalist
 11156 | Elf:3    | Killed a deep elf sorcerer
 11164 | Elf:3    | Killed a deep elf sorcerer
 11166 | Elf:3    | Killed a deep elf sorcerer
 11170 | Elf:3    | Killed a deep elf elementalist
 11173 | Elf:3    | Killed a deep elf sorcerer
 11174 | Elf:3    | Killed a deep elf blademaster
 11356 | Elf:3    | Identified a +6 rod of ignition (10/10) (You found it in a labyrinth)
 11390 | Elf:3    | Got a clouded zirconium amulet
 11451 | Elf:3    | Got an ebony war axe
 11496 | Elf:3    | Identified the +9 war axe of Dithmenos's Envy {drain, Str+2 Int+3} (You found it on level 3 of the Elven Halls)
 11511 | Elf:3    | Identified the amulet of Miygoss {Harm *Drain +Blink Dex+2 Slay+2} (You found it on level 3 of the Elven Halls)
 11642 | Elf:1    | Found Tukaifuu's Book Boutique.
 11753 | Orc:2    | Bought a metallic silvery potion for 24 gold pieces
 11753 | Orc:2    | Bought a scroll labeled ESHUPN AFETHO for 27 gold pieces
 11753 | Orc:2    | Bought a scroll of acquirement for 1404 gold pieces
 11754 | Orc:2    | Got a crude centaur barding
 11765 | Orc:2    | Identified the +0 centaur barding "Bootaycke" {rF+ Regen+ Dex+3} (You acquired it on level 2 of the Orcish Mines)
 11768 | Orc:2    | Bought a potion of heal wounds for 70 gold pieces
 11768 | Orc:2    | Bought a potion of curing for 42 gold pieces
 11768 | Orc:2    | Bought a potion of haste for 140 gold pieces
 11768 | Orc:2    | Bought a potion of agility for 56 gold pieces
 11768 | Orc:2    | Bought a potion of curing for 42 gold pieces
 11768 | Orc:2    | Bought a potion of curing for 42 gold pieces
 11768 | Orc:2    | Bought a potion of curing for 42 gold pieces
 11768 | Orc:2    | Bought a potion of haste for 140 gold pieces
 11768 | Orc:2    | Bought a potion of brilliance for 56 gold pieces
 11901 | D:9      | Noticed Erica
 11907 | D:9      | Killed Erica
 12380 | D:10     | Found a staircase to the Lair.
 12385 | Lair:1   | Entered Level 1 of the Lair of Beasts
 12570 | Lair:1   | Learned a level 3 spell: Regeneration
 12574 | Lair:1   | Learned a level 3 spell: Spectral Weapon
 12790 | Lair:3   | Reached skill level 1 in Hexes
 12882 | Lair:6   | Entered Level 6 of the Lair of Beasts
 12889 | Lair:6   | Reached skill level 1 in Charms
 12980 | Lair:6   | Reached skill level 1 in Spellcasting
 13058 | Lair:6   | Found a staircase to the Slime Pits.
 13923 | Lair:4   | Turgon: dream sheep, lol
 13938 | Lair:5   | Turgon: ?? dream sheep
 13938 | Lair:5   | beem: dream sheep[1/1]: Magical sheep that will put you to sleep when gathered in large herds. Added in 0.19 with the removal of common sheep.
 13996 | Lair:4   | Reached XP level 15. HP: 118/124 MP: 24/24
 14072 | Lair:4   | Reached skill level 5 in Hexes
 14171 | Lair:4   | Reached skill level 5 in Charms
 14231 | Lair:3   | Found a staircase to the Snake Pit.
 14319 | Snake:1  | Entered Level 1 of the Snake Pit
 14384 | Snake:1  | Turgon: @? dream sheep
 14394 | Snake:1  | beem: dream sheep (Y)
                  | Spd:
    10 | HD: 9    | HP: 18-26
                  | AC/EV: 2/10
                  | Dam: 13
                  | Res: magic(30)
                  | XP: 256
                  | Sp: dream dust [!AM, !sil]
                  | Sz: Medium
                  | Int: animal.
 14591 | Snake:2  | Noticed a greater naga
 14612 | Snake:2  | Killed a greater naga
 14997 | Snake:3  | 4thArraOfDagon: timb was right
 14997 | Snake:3  | 4thArraOfDagon: this is impossible
 15059 | Snake:3  | Reached skill level 15 in Polearms
 15133 | Snake:4  | Entered Level 4 of the Snake Pit
 15377 | Snake:3  | Noticed a greater naga
 15422 | Snake:4  | Reached skill level 1 in Necromancy
 15499 | Snake:4  | Reached XP level 16. HP: 100/132 MP: 21/25
 15686 | Snake:4  | Reached ****** piety under Lugonu
 15869 | Snake:4  | Reached skill level 5 in Necromancy
 15894 | Snake:4  | Reached skill level 16 in Polearms
 15907 | Snake:4  | Slain by a shock serpent

Vault maps used:
D:1:      minmay_arrival_shattered_statue
D:2:      nicolae_overflow_hidden_temple
D:3:      wad_crossroads, nemelex_diamond_rough_becter
D:4:      portal_sewer_entry_d, first_bread, serial_bayou_pond_e, uniq_grinder
D:5:      lemuel_doored_altar, serial_shops, kennysheep_little_box,
          minmay_misc_feat_plants, hangedman_decor_clover_reticule,
          minmay_misc_feat_columns, okawaru_trees_2, uniq_sigmund
D:6:      lemuel_coloured_pillars_altar
D:7:      grunt_qazlal_clouds, uniq_duvessa
D:9:      zin_angel, david_orc_1_choice, uniq_erica
D:10:     erik_lair_dragon, grunt_livestock, lightli_elemental_guards,
          uniq_joseph
D:11:     kennysheep_just_a_vault
D:12:     lab_entry_generic, serial_shops,
          nicolae_shop_competitors_out_of_business
D:14:     hangedman_vaults_entry_quadrant_bands, serial_bayou_pond_d,
          uniq_nessos
D:15:     grunt_enter_depths_magical_seal, nicolae_ru_the_path_less_chosen,
          serial_shops, shop
Lair:1:   st_stairs_11, grunt_megastairs_3
Lair:2:   minmay_shoals_entry_hut, uniq_harold
Lair:3:   guppyfry_snake_entry_garden
Lair:4:   beast_lair_carwin_large_1
Lair:5:   beast_lair_carwin_6
Lair:6:   gammafunk_lair_ancient_temple, nicolae_slime_entry_slimehenge,
          infiniplex_staircase_pool
Snake:1:  nicolae_snake_lava_pool
Snake:4:  grunt_snake_rune_serpentine_throne, guppyfry_library_mini
Orc:2:    st_orc_ogre_mass
Elf:1:    elf_arrival_001, serial_shops, shop, nicolae_trove_entry_crossroad,
          minmay_elf_demonology
Elf:2:    serial_shops, shop_coins, st_stairs_2, minmay_misc_feat_ornament,
          bh_hangedman_babel_library
Elf:3:    minmay_elf_hall_dome, serial_shops, shop_statue, uniq_roxanne,
          uniq_donald
Depths:1: enter_ziggurat_e, kennysheep_boxes, pf_hell_entry_tar_river,
          grunt_ministairs_14, serial_bayou_lagoon_a, minmay_misc_feat_rugged,
          hangedman_corner_corridor
Abyss:4:  evilmike_abyss_rune_siren_acolytes
Sewer:    sewer_frog_island_01

Skill      XL: |  1  2  3  4  5  6  7  8  9 10 11 12 13 14 15 16 |
---------------+-------------------------------------------------+-----
Axes           | 1 2 3 5 6 7 8 |  8.4
Invocations    | 3 4 6 7 9 10 11 12 | 12.1
Polearms       | 1 4 6 8 10 11 12 14 15 16 | 16.0
Armour         | 2 4 5 6 7 8 9 |  9.1
Fighting       | 5 6 8 9 |  9.1
Hexes          | 4 7 |  7.0
Charms         | 4 7 |  7.2
Spellcasting   | 2 4 |  4.1
Necromancy     | 1 5 |  5.7
Long Blades    | |  1.7
Dodging        | |  0.6

Action                   |  1- 3 |  4- 6 |  7- 9 | 10-12 | 13-15 | 16-18 || total
-------------------------+-------+-------+-------+-------+-------+-------++-------
Melee: War axe           |    59 |    56 |       |       |   304 |       ||   419
       Kick              |     7 |     6 |    32 |   153 |   230 |    25 ||   453
       Halberd           |       |    15 |   246 |   669 |   766 |   116 ||  1812
       Broad axe         |       |       |       |    55 |       |       ||    55
Throw: Javelin           |       |       |       |     1 |       |       ||     1
 Cast: Spectral Weapon   |       |       |       |       |    23 |    11 ||    34
       Regeneration      |       |       |       |       |       |     5 ||     5
Invok: Depart the Abyss  |     1 |       |       |       |       |       ||     1
       Banish            |       |       |       |    13 |    20 |       ||    33
       Corrupt           |       |       |       |       |     4 |       ||     4
       Bend Space        |       |       |       |       |     1 |       ||     1
Evoke: Wand              |       |       |       |     6 |    11 |       ||    17
  Use: Scroll            |     3 |       |     7 |     8 |    25 |       ||    43
       Potion            |       |     4 |       |     8 |     6 |       ||    18
 Stab: Paralysed         |       |       |       |     4 |       |       ||     4
       Distracted        |       |       |       |       |     6 |     3 ||     9
  Eat: Chunk             |       |     1 |    11 |    14 |     7 |       ||    33
       Pizza             |       |       |     1 |       |    11 |       ||    12
       Beef jerky        |       |       |       |     4 |     2 |       ||     6
       Fruit             |       |       |       |       |     4 |       ||     4
       Meat ration       |       |       |       |       |     1 |     1 ||     2
       Royal jelly       |       |       |       |       |     1 |       ||     1
Armor: Leather armour    |    24 |    25 |       |       |       |       ||    49
       Skin              |       |     4 |       |       |       |       ||     4
       Ring mail         |       |     6 |    10 |       |       |       ||    16
       Scale mail        |       |       |    82 |   300 |   463 |    28 ||   873
Dodge: Dodged            |    31 |    28 |    57 |   168 |   165 |    13 ||   462
Block: Other             |       |       |       |    65 |    16 |       ||    81
       Reflection        |       |       |       |     3 |     2 |       ||     5
